 Dungeon Crawl Stone Soup version 0.28-a0-1339-ga5422284a4 (webtiles) character file.

Game seed: 7900210064281301182

937 Zonian the Ducker (level 8, -3/50 HPs)
             Began as a Djinni Ice Elementalist on Dec 29, 2021.
             Slain by an orc warrior (10 damage)
             ... on level 5 of the Dungeon.
             The game lasted 00:11:56 (6631 turns).

Zonian the Ducker (Djinni Ice Elementalist)         Turns: 6631, Time: 00:11:57

Health: -3/50      AC:  5    Str: 12    XL:     8   Next: 34%
Gold:   233        EV: 17    Int: 19    God:
                   SH:  0    Dex: 26

rFire   + + .      SeeInvis .   m - +3 dagger "Nephicso" {elec, Str+5}
rCold   x . .      Faith    .   (no shield)
rNeg    . . .      Spirit   .   a - +0 robe
rPois   ∞          Reflect  .   (no helmet)
rElec   .          Harm     .   e - +2 cloak
rCorr   .          Rampage  .   (no gloves)
Will    .....                   (boots unavailable)
Stlth   ++++......              (no amulet)
HPRegen 0.16/turn               i - +6 ring of dexterity
MPRegen 0.00/turn               l - +6 ring of dexterity

@: flying
A: sickness immunity, fire resistance 2, cold vulnerability 1, float, innate
caster, hp casting, extra vitality 1
a: no special abilities


You were on level 5 of the Dungeon.
You visited 1 branch of the dungeon, and saw 5 of its levels.

You collected 233 gold pieces.

Inventory:

Hand Weapons
 d - a +0 short sword
 m - the +3 dagger "Nephicso" (weapon) {elec, Str+5}
   (You found it on level 2 of the Dungeon)

   It occasionally discharges a powerful burst of electricity upon striking a
   foe.
   Str:       It affects your strength (+5).
 o - a +1 hunting sling of flaming
 p - a +3 whip of venom
 t - a +1 short sword of venom
Missiles
 k - 5 boomerangs
Armour
 a - a +0 robe (worn)
 e - a +2 cloak (worn)
 n - the -4 pair of gloves of the Four Hells {Harm rElec rC- MP+9}
   (You found it on level 2 of the Dungeon)

   rC:        It makes you vulnerable to cold.
   rElec:     It insulates you from electricity.
   MP:        It affects your magic capacity (+9).
   Harm:      It increases damage dealt and taken.
Jewellery
 g - a ring of positive energy
 i - a +6 ring of dexterity (left hand)
 l - a +6 ring of dexterity (right hand)
 r - a +6 ring of intelligence
 u - a ring of wizardry
Wands
 q - a wand of flame (20)
 v - a wand of paralysis (7)
Scrolls
 b - 3 scrolls of fear
 c - a scroll of brand weapon
 j - 2 scrolls of enchant weapon
 w - a scroll of magic mapping
 x - a scroll of vulnerability {unknown}
Potions
 f - 2 potions of curing
 h - a potion of brilliance
 s - a potion of might


   Skills:
 + Level 6.1 Dodging
 + Level 4.9 Stealth
 + Level 5.1 Spellcasting


You had one spell level left.
You knew the following spells:

 Your Spells              Type           Power      Damage    Failure   Level
a - Freeze                Ice            96%        1d11      1%          1
b - Frozen Ramparts       Ice            48%        1d6       4%          3
c - Ozocubu's Armour      Ice            24%        N/A       4%          3
d - Hailstorm             Conj/Ice       24%        3d7       14%         4
e - Magic Dart            Conj           96%        1d7       1%          1
f - Call Imp              Summ           24%        N/A       2%          2
g - Static Discharge      Conj/Air       24%        N/A       2%          2
Your spell library was empty.

Dungeon Overview and Level Annotations

Branches:
Dungeon (5/15)
 Temple: D:4-7

Altars:

Shops:
D:4 :*

Annotations:
D:2 Sigmund


Innate Abilities, Weirdness & Mutations

You are immune to sickness and miasma.
You are immune to poison.
Your flesh is very heat resistant. (rF++)
You are vulnerable to cold. (rC-)
You float through the air rather than walking.
You learn spells naturally, not from books.
Your magical power is your life essence.
You have superior vitality. (+4 MHP)


Message History

Aim: an orc warrior, wielding a +0 mace and wearing a +0 plate armour (100% to hit)
The magic dart hits the orc warrior but does no damage.
The wall freezes the orc warrior.
Unknown command.
Casting: Magic Dart (safe; 1% risk of failure)
Confirm with . or Enter, or press ? or * to list all spells.
Aiming: Magic Dart (safe; 1% risk of failure)
Press: ? - help, Shift-Dir - straight line, f/p - orc warrior
Aim: an orc warrior, wielding a +0 mace and wearing a +0 plate armour (lightly wounded, 100% to hit)
The magic dart hits the orc warrior.
The orc warrior is moderately wounded.
The wall freezes the orc warrior.
Casting: Magic Dart (safe; 1% risk of failure)
Confirm with . or Enter, or press ? or * to list all spells.
Aiming: Magic Dart (safe; 1% risk of failure)
Press: ? - help, Shift-Dir - straight line, f/p - orc warrior
Aim: an orc warrior, wielding a +0 mace and wearing a +0 plate armour (moderately wounded, 100% to hit)
The magic dart hits the orc warrior but does no damage.
The orc warrior is moderately wounded.
The wall freezes the orc warrior.
The orc warrior hits you with a +0 mace!
* * * LOW HITPOINT WARNING * * *
You hit the orc warrior.
The orc warrior is almost dead.
The wall freezes the orc warrior.
The orc warrior hits you but does no damage.
You hit the orc warrior.
The orc warrior is almost dead.
The frozen ramparts melt away.
The orc warrior misses you.
You closely miss the orc warrior.
The orc warrior is almost dead.
The orc warrior misses you.
You feel better.
The orc warrior hits you with a +0 mace!
* * * LOW HITPOINT WARNING * * *
You feel better. The orc warrior barely misses you.
You closely miss the orc warrior.
The orc warrior is almost dead.
The orc warrior hits you with a +0 mace!
You die...

#.##...##.#
#........#
#........#
#.......##
##....###
#....# #.#.## #
#.#.# ...#.
#@#.# ##.#.
#o#.# ##....##
#)#.#
##......###)#.#
#.......o.....#
##......###..##
[#.......#....#
o..#...#...#..#
#.ooho###...#


You could see an orc warrior.

Vanquished Creatures
  A wyvern (D:4)
  A necrophage (D:5)
  2 ogres (D:4)
  A hound (D:4)
  2 orc priests
  A gnoll shaman (D:4)
  Jessica (D:3)
  An iguana (D:4)
  Natasha (thrice) (D:3)
  3 orc wizards
  A hound skeleton (D:5)
  5 gnolls (D:4)
  8 adders
  A shadow imp (D:5)
  A white imp (D:3)
  An adder skeleton (D:4)
  2 worms
  A dart slug (D:2)
  5 orcs
  8 ball pythons
  9 bats
  3 endoplasms
  2 giant cockroaches
  2 goblins (D:1)
  7 hobgoblins
  2 jackals (D:4)
  3 quokkas
  2 frilled lizards
  6 kobolds
  6 rats
91 creatures vanquished.

Notes
Turn   | Place    | Note
-------+----------+-------------------------------------------
     0 | D:1      | Zonian the Djinni Ice Elementalist began the quest for the
                  | Orb.
     0 | D:1      | Reached XP level 1. HP: 15/15 MP: 0/0
   162 | D:1      | Reached XP level 2. HP: 9/21 MP: 0/0
   835 | D:1      | Found Ekaahaeps's Book Emporium.
  1280 | D:1      | You are sucked into a shaft and drop 1 floor!
  1579 | D:2      | Reached XP level 3. HP: 18/25 MP: 0/0
  1579 | D:2      | Learned a level 1 spell: Magic Dart
  2242 | D:2      | Reached skill level 3 in Dodging
  2375 | D:2      | Reached XP level 4. HP: 26/31 MP: 0/0
  2474 | D:2      | Noticed Sigmund
  2504 | D:2      | Identified the +3 dagger "Nephicso" {elec, Str+5}
  2522 | D:2      | Identified the -4 pair of gloves of the Four Hells {Harm
                  | rElec rC- MP+9}
  2942 | D:3      | Noticed Jessica
  3368 | D:3      | Killed Jessica
  3369 | D:3      | Reached XP level 5. HP: 31/35 MP: 0/0
  3369 | D:3      | Learned a level 2 spell: Call Imp
  3411 | D:3      | Noticed Natasha
  3431 | D:3      | Killed Natasha
  3613 | D:3      | Noticed Natasha
  3626 | D:3      | Killed Natasha
  3766 | D:3      | Noticed Natasha
  3772 | D:3      | Killed Natasha
  3865 | D:3      | Reached skill level 4 in Dodging
  3987 | D:4      | Noticed an ogre
  3992 | D:4      | Killed an ogre
  3993 | D:4      | Reached XP level 6. HP: 38/40 MP: 0/0
  4134 | D:4      | Noticed a wyvern
  4147 | D:4      | Killed a wyvern
  4148 | D:4      | Reached XP level 7. HP: 26/45 MP: 0/0
  4148 | D:4      | Learned a level 2 spell: Static Discharge
  4498 | D:4      | Found Veetir Vidwe's Elemental Accessories.
  5196 | D:4      | Reached skill level 5 in Dodging
  5947 | D:4      | Reached XP level 8. HP: 41/50 MP: 0/0
  6297 | D:4      | Found Cupnuac's Book Emporium.
  6354 | D:4      | Reached skill level 5 in Spellcasting
  6478 | D:5      | Entered Level 5 of the Dungeon
  6564 | D:5      | Reached skill level 6 in Dodging
  6629 | D:5      | HP: 1/50 [orc warrior (12)]
  6631 | D:5      | Slain by an orc warrior

Illustrated notes

Levels and vault maps discovered:
D:1:      giann_bridges, layout_loops_ring, serial_shops,
          nicolae_shop_hallway_plus, minmay_tetromino_s2
D:2:      layout_basic, nrook_mini_backslash, uniq_sigmund
D:3:      layout_rooms, hangedman_abyss_or_decor_lesser_grid, uniq_jessica,
          uniq_natasha
D:4:      minmay_thick_lines, layout_basic, serial_shops, shop,
          nicolae_elemental_shop
D:5:      layout_loops_ring, nicolae_overflow_hidden_temple,
          minmay_fractal_squares_diagonal_5, uniq_pikel

Skill      XL: |  1  2  3  4  5  6  7  8 |
---------------+-------------------------+-----
Stealth        | 2 3 4 |  4.9
Dodging        | 3 4 5 6 |  6.1
Spellcasting   | 4 5 |  5.1

Action                   |  1- 3 |  4- 6 |  7- 9 || total
-------------------------+-------+-------+-------++-------
Melee: Unarmed           |    10 |       |       ||    10
       Short sword       |    46 |     1 |       ||    47
       Dagger            |       |    51 |    95 ||   146
 Cast: Freeze            |    29 |     2 |       ||    31
       Magic Dart        |     3 |    10 |    20 ||    33
       Frozen Ramparts   |       |     1 |     6 ||     7
       Ozocubu's Armour  |       |     1 |       ||     1
       Call Imp          |       |       |     2 ||     2
  Use: Scroll            |       |       |    10 ||    10
       Potion            |       |       |     2 ||     2
 Stab: Sleeping          |     4 |     9 |     2 ||    15
Armor: Robe              |    11 |     4 |    18 ||    33
Dodge: Dodged            |    41 |    40 |    62 ||   143

Table legend: (Time is in decaauts)
 A = Elapsed time spent in this place.
 B = Non-inter-level travel time spent in this place.
 C = Inter-level travel time spent in this place.
 D = Time resting spent in this place.
 E = Time spent auto-exploring this place.
 F = Levels seen in this place.
 G = Mean time per level.
                   A        B        C        D        E       F      G
               +--------+--------+--------+--------+--------+-----+--------+
         Total |   6642 |   6585 |     57 |   2652 |   2785 |   5 | 1328.4 |
       Dungeon |   6642 |   6585 |     57 |   2652 |   2785 |   5 | 1328.4 |
               +--------+--------+--------+--------+--------+-----+--------+

Top non-repeatable levels by time:
     D:4: 2187 daAuts
     D:2: 1861 daAuts
     D:1: 1493 daAuts
     D:3: 947 daAuts
     D:5: 152 daAuts
